 Dungeon Crawl Stone Soup version 0.27.0-1-g7a089689b8 (webtiles) character file.

Game seed: 362212839650391787

25 MajorAdolf the Sneak (level 3, -2/32 HPs)
             Began as a Naga Wanderer on Aug 4, 2021.
             Slain by a scorpion (8 damage)
             ... on level 2 of the Dungeon.
             The game lasted 00:01:38 (1013 turns).

MajorAdolf the Sneak (Naga Wanderer)                Turns: 1013, Time: 00:01:38

Health: -2/32      AC:  2    Str: 14    XL:     3   Next: 6%
Magic:  7/7        EV:  8    Int: 10    God:
Gold:   29         SH:  4    Dex: 13    Spells: 7/8 levels left

rFire    . . .     SeeInvis +   i - +4 short sword
rCold    . . .     Faith    .   g - +0 buckler
rNeg     . . .     Spirit   .   d - +0 robe
rPois    +         Reflect  .   (no helmet)
rElec    .         Harm     .   (no cloak)
rCorr    .         Rampage  .   (no gloves)
Will     .....                  (no barding)
Stlth    ++........             (no amulet)
HPRegen  0.10/turn              e - ring of flight
MPRegen  0.10/turn              (no ring)

@: flying, very slow
A: AC +1, large, see invisible, deformed body, poison resistance, slowness 2,
spit poison 1, naga tail 1
a: Spit Poison


You were on level 2 of the Dungeon.
You visited 1 branch of the dungeon, and saw 2 of its levels.

You collected 29 gold pieces.

Inventory:

Hand Weapons
 a - a +2 hand crossbow
 i - a +4 short sword (weapon)
Missiles
 b - 21 bolts
Armour
 d - a +0 robe (worn)
 g - a +0 buckler (worn)
Jewellery
 e - a ring of flight (left hand)
Scrolls
 f - a scroll of enchant armour {unknown}
 h - a scroll of enchant weapon {unknown}
Potions
 c - 2 potions of lignification


   Skills:
 - Level 2.0 Fighting
 + Level 0.6 Short Blades
 - Level 1.0 Crossbows
 + Level 4.0 Stealth
 - Level 1.0 Shields
 - Level 3.0 Spellcasting
 - Level 1.0 Hexes
 - Level 1.0 Transmutations
 - Level 1.0 Evocations


You had 7 spell levels left.
You knew the following spells:

 Your Spells              Type           Power      Damage    Failure   Level
a - Pain                  Necr           4%         1d4       36%         1

Your spell library contained the following spells:

 Spells                   Type           Power      Damage    Failure   Level
 Static Discharge         Conj/Air       1%         N/A       50%         2
 Vampiric Draining        Necr           0%         2d6       73%         3
 Dispel Undead            Necr           1%         3d6       98%         4
 Sticky Flame             Conj/Fire      1%         2d3       98%         4


Dungeon Overview and Level Annotations

Branches:
Dungeon (2/15)

Altars:
Fedhas


Innate Abilities, Weirdness & Mutations

Your serpentine skin is tough. (AC +1)
You have supernaturally acute eyesight. (SInv)
Armour fits poorly on your strangely shaped body.
Your system is resistant to poisons. (rPois)
You cover ground very slowly.
You can spit poison.
You have a snake-like lower body.


Message History

No target in view!
No target in view!
No target in view!
You reach down and open the door.
A scorpion comes into view.
A scorpion is nearby!
A scorpion is nearby!
Found 7 gold pieces.
There is an open door here.
The scorpion stings you!
You hit the scorpion.
The scorpion is moderately wounded.
The scorpion stings you!
You are too injured to fight recklessly!
You are too injured to fight recklessly!
You are too injured to fight recklessly!
Unknown command.
Press: ? - help, Shift-Dir - straight line, f - scorpion
Aim: a scorpion (moderately wounded)
The splash of poison hits the scorpion.
The scorpion is heavily wounded.
The scorpion stings you!
* * * LOW HITPOINT WARNING * * *
Unknown command.
You closely miss the scorpion.
The scorpion is heavily wounded.
The scorpion closely misses you. The scorpion barely misses you.
You hit the scorpion but do no damage.
The scorpion is heavily wounded.
You have got your breath back.
The scorpion stings you.
* * * LOW HITPOINT WARNING * * *
Unknown command.
You hit the scorpion but do no damage.
The scorpion is moderately wounded.
You block the scorpion's attack.
You puncture the scorpion!
The scorpion is almost dead.
The scorpion closely misses you. The scorpion stings you!
You die...

#
#.#.#.............#
#.#.#.#####.#######
#.#.#.....<........
#.....##.##########
#...........#....
#................
#................
#......#.........
#.#+#..'.@s......
#. #.##......... #.
#.##.........
#.##$........
#.##.........
#+#####+#####


You could see a scorpion.

Vanquished Creatures
  A worm (D:2)
  5 endoplasms
  5 goblins
  A hobgoblin (D:1)
  3 kobolds
  2 ball pythons (D:2)
  2 bats
  A frilled lizard (D:1)
  2 rats (D:1)
22 creatures vanquished.

Notes
Turn   | Place    | Note
-------+----------+-------------------------------------------
     0 | D:1      | MajorAdolf the Naga Wanderer began the quest for the Orb.
     0 | D:1      | MajorAdolf set off with the following items: a +2 hand
                  | crossbow, 25 bolts, a potion of lignification, a +0 robe;
                  | and the following spell memorised: Pain; and the following
                  | spells available to memorise: Vampiric Draining
     0 | D:1      | Reached XP level 1. HP: 19/19 MP: 4/4
    96 | D:1      | Reached skill level 1 in Stealth
   136 | D:1      | Reached skill level 2 in Stealth
   255 | D:1      | Reached XP level 2. HP: 26/26 MP: 6/6
   366 | D:1      | Reached skill level 3 in Stealth
   645 | D:1      | Found a faded altar of an unknown god.
   732 | D:2      | Found a blossoming altar of Fedhas.
   963 | D:2      | Reached XP level 3. HP: 31/32 MP: 7/7
   968 | D:2      | Reached skill level 4 in Stealth
  1004 | D:2      | Noticed a scorpion
  1013 | D:2      | Slain by a scorpion

Illustrated notes

Levels and vault maps discovered:
D:1:      dpeg_arrival_pits, layout_loops_ring,
          hellmonk_ecumenical_altar_leap_of_faith, minmay_unequal
D:2:      layout_basic, basic_altar

Skill      XL: |  1  2  3 |
---------------+----------+-----
Stealth        | 2 3 4 |  4.0
Fighting       | |  2.0
Short Blades   | |  0.6
Crossbows      | |  1.0
Shields        | |  1.0
Spellcasting   | |  3.0
Hexes          | |  1.0
Transmutations | |  1.0
Evocations     | |  1.0

Action                   || total
-------------------------++-------
Melee: Short sword       ||    19
 Fire: Hand crossbow     ||    26
 Abil: Spit Poison       ||     1
Armor: Robe              ||     2
Dodge: Dodged            ||     7
Block: Buckler           ||     5
